 Dungeon Crawl Stone Soup version 0.29.0-4-gdea44cf6ec (webtiles) character file.

Game seed: 18234554723827572356

126 Nedwor the Trooper (level 4, 0/35 HPs)
             Began as a Demonspawn Fighter on Aug 27, 2022.
             Slain by an orc
             ... wielding a +0 whip
              (2 damage)
             ... on level 3 of the Dungeon.
             The game lasted 00:03:00 (2379 turns).

Nedwor the Trooper (Demonspawn Fighter)             Turns: 2379, Time: 00:03:00

Health: 0/35       AC:  6    Str: 18    XL:     4   Next: 84%
Magic:  4/4        EV: 10    Int: 10    God:
Gold:   124        SH:  4    Dex: 12    Spells: 3/3 levels left

rFire   . . .      SeeInvis +   a - +0 rapier
rCold   . . .      Faith    .   c - +0 buckler
rNeg    . . .      Spirit   .   b - +0 scale mail
rPois   .          Reflect  .   (helmet restricted)
rElec   .          Harm     .   (no cloak)
rCorr   .          Rampage  .   (no gloves)
Will    .....                   (no boots)
Stlth   ..........              (no amulet)
HPRegen 0.11/turn               f - ring of see invisible
MPRegen 0.09/turn               (no ring)

@: no status effects
A: antennae 1, sturdy frame 1
a: no special abilities


You were on level 3 of the Dungeon.
You visited 1 branch of the dungeon, and saw 3 of its levels.

You collected 124 gold pieces.

Inventory:

Hand Weapons
 a - a +0 rapier (weapon)
Armour
 b - a +0 scale mail (worn)
 c - a +0 buckler (worn)
Jewellery
 f - a ring of see invisible (left hand)
Scrolls
 d - a scroll of torment {unknown}
 g - 4 scrolls of identify {unknown}
 k - a scroll of poison {unknown}
 l - a scroll of teleportation {unknown}
Potions
 e - a potion of lignification {unknown}
 h - a potion of curing {unknown}
 i - a potion of ambrosia {unknown}
 j - a potion of heal wounds {unknown}
 m - 2 potions of brilliance {unknown}


   Skills:
 + Level 3.5 Fighting
 * Level 3.0 Short Blades
 + Level 3.2 Armour
 + Level 1.4 Dodging
 + Level 3.1 Shields


You had 3 spell levels left.
You didn't know any spells.
Your spell library contained the following spells:

 Spells                   Type           Power      Damage    Failure   Level
 Static Discharge         Conj/Air       0%         3-3/arc   83%         2
 Lightning Bolt           Conj/Air       0%         1d11      100%        5
 Maxwell's Capacitive Co  Air            0%         ∞         100%        8


Dungeon Overview and Level Annotations

Branches:
Dungeon (3/15)

Altars:
Makhleb


Innate Abilities, Weirdness & Mutations

You have a pair of small antennae on your head.
Your movements are slightly less encumbered by armour. (ER -2)


Message History

* * * LOW HITPOINT WARNING * * *
You hit the orc.
You kill the orc!
You hit the rat.
You kill the rat!
You puncture the ball python!
You kill the ball python!
The orc barely misses you.
Items here: ))) [[ ††.
You hit the orc.
The orc is lightly wounded.
The orc hits you with a +0 whip.
* * * LOW HITPOINT WARNING * * *
The orc closely misses you.
You closely miss the orc.
The orc is lightly wounded.
The orc barely misses you.
You hit the orc but do no damage.
The orc is lightly wounded.
The orc hits you but does no damage.
You hit the orc but do no damage.
The orc is lightly wounded.
The orc barely misses you.
You barely miss the orc.
The orc is lightly wounded.
The orc hits you but does no damage.
You barely miss the orc.
The orc is lightly wounded.
The orc misses you.
You hit the orc but do no damage.
The orc is lightly wounded.
The orc misses you.
You hit the orc.
The orc is moderately wounded.
The orc hits you with a +0 whip.
* * * LOW HITPOINT WARNING * * *
You hit the orc but do no damage.
The orc is moderately wounded.
The orc hits you with a +0 whip.
You die...

#.# ##.########.#
#.### #.# #<# #...#
#.# #.# ###.# #+##
#.. #.# #...# ###
#.## #..... #..##
#......
#####...####.......
...........@oo......
######...####.......
#...# #...... ###.#
#..... #.# #.<.# #.#
#+## ... #.#


You could see 2 orcs.

Vanquished Creatures
  An orc wizard (D:3)
  An adder (D:2)
  3 gnolls (D:2)
  2 orcs (D:3)
  6 endoplasms
  A giant cockroach (D:1)
  6 goblins
  7 hobgoblins
  4 jackals (D:2)
  A quokka (D:1)
  6 ball pythons
  4 bats
  3 frilled lizards (D:1)
  7 kobolds
  6 rats
58 creatures vanquished.

Notes
Turn   | Place    | Note
-------+----------+-------------------------------------------
     0 | D:1      | Nedwor the Demonspawn Fighter began the quest for the Orb.
     0 | D:1      | Reached XP level 1. HP: 18/18 MP: 1/1
   342 | D:1      | Gained mutation: Your movements are slightly less
                  | encumbered by armour. (ER -2) [demonic ancestry]
   342 | D:1      | Reached XP level 2. HP: 18/24 MP: 2/2
  1027 | D:2      | Reached XP level 3. HP: 24/29 MP: 3/3
  1116 | D:2      | Found a burning altar of Makhleb.
  1478 | D:2      | Reached skill level 1 in Dodging
  1485 | D:2      | Gained mutation: You have a pair of small antennae on your
                  | head. [demonic ancestry]
  1485 | D:2      | Reached XP level 4. HP: 32/35 MP: 4/4
  2041 | D:2      | Found a faded altar of an unknown god.
  2379 | D:3      | Slain by an orc

Illustrated notes

Levels and vault maps discovered:
D:1:      erik_arrival_blinker_ship, layout_basic, serial_bayou_crossing
D:2:      kennysheep_big_flooded_room, layout_basic,
          shapermc_ecumenical_altar_totnotflames, basic_altar
D:3:      gammafunk_wand_slinger, layout_loops_corners, ebering_ghost_sewer_d

Skill      XL: |  1  2  3  4 |
---------------+-------------+-----
Short Blades   | 2 3 |  3.0
Armour         | 3 |  3.2
Dodging        | 1 |  1.4
Shields        | 3 |  3.1
Fighting       | |  3.5

Action                   |  1- 3 |  4- 6 || total
-------------------------+-------+-------++-------
Melee: Rapier            |   136 |    77 ||   213
  Use: Scroll            |     1 |       ||     1
       Potion            |     1 |       ||     1
Armor: Scale mail        |    69 |    21 ||    90
Dodge: Dodged            |    97 |    30 ||   127
Block: Buckler           |    32 |    10 ||    42
